 Dungeon Crawl Stone Soup version 0.25-a0-1133-g93ebf739aa (webtiles) character file.

Game seed: 10669900570323943564, levelgen mode: deterministic

68 vurker the Charlatan (level 4, -5/33 HPs)
             Began as a Human Artificer on May 20, 2020.
             Killed themself with a badly aimed iceblast (18 damage)
             ... on level 3 of the Dungeon.
             The game lasted 00:01:55 (1664 turns).

vurker the Charlatan (Human Artificer)              Turns: 1664, Time: 00:01:56

Health: -5/33      AC:  3    Str: 13    XL:     4   Next: 41%
Magic:  6/6        EV: 13    Int: 12    God:
Gold:   76         SH:  0    Dex: 13    Spells: 3/3 levels left

rFire    . . .     SeeInvis .   a - +0 short sword
rCold    . . .     Gourm    .   (no shield)
rNeg     . . .     Faith    .   b - +0 leather armour
rPois    .         Spirit   .   (no helmet)
rElec    .         Reflect  .   (no cloak)
rCorr    +         Harm     .   (no gloves)
MR       .....                  (no boots)
Stlth    +.........             (no amulet)
HPRegen  0.11/turn              g - ring of resist corrosion
MPRegen  0.10/turn              (no ring)

@: lethally poisoned (-5 -> -8)
A: no striking features
a: no special abilities


You were on level 3 of the Dungeon.
You were hungry.

You visited 1 branch of the dungeon, and saw 3 of its levels.

You collected 76 gold pieces.

Inventory:

Hand Weapons
 a - a +0 short sword (weapon)
Armour
 b - a +0 leather armour (worn)
Jewellery
 g - a ring of resist corrosion (left hand)
   (You found it on level 1 of the Dungeon)
Wands
 d - a wand of enslavement (15)
 f - a wand of random effects (5)
 t - a wand of flame (15)
Scrolls
 h - 2 scrolls of identify {unknown}
 i - 2 scrolls of fear {unknown}
 j - a scroll of noise {unknown}
 l - 2 scrolls of remove curse {unknown}
Potions
 k - 2 potions of haste {unknown}
Comestibles
 c - 3 chunks of flesh
 e - 2 rations


   Skills:
 + Level 1.9 Fighting
 - Level 1.0 Short Blades
 + Level 1.3 Armour
 * Level 3.1 Dodging
 - Level 1.0 Stealth
 + Level 3.4 Evocations


You had 3 spell levels left.
You didn't know any spells.
Your spell library was empty.

Dungeon Overview and Level Annotations

Branches:
Dungeon (3/15)

Altars:


Message History

There is a stone staircase leading down here.
You see here 2 stones.
You hit the bat.
You kill the bat!
Your Dodging skill increases to level 3!
The bat hits you but does no damage. The adder barely misses you.
The jackal closely misses you.
You can't go up here!
The bat hits you but does no damage. The jackal bites you.
The goblin closely misses you. The adder misses you. The hobgoblin hits you.
You climb downwards.
There is a stone staircase leading up here.
You barely miss the goblin. The goblin barely misses you.
Aim: a jackal The goblin appears confused.
The goblin barely misses you.
Aim: a jackal The goblin twists and deforms.
The goblin hits you but does no damage.
Aim: a jackal The goblin seems to slow down.
The goblin closely misses you.
Aim: a jackal The goblin looks slightly unstable.
Aim: a jackal The fireball explodes!
The fireball engulfs the goblin!
You kill the goblin!
The fireball engulfs the hobgoblin!
You kill the hobgoblin!
The fireball engulfs you!
You are feeling hungry.
The adder misses you. The adder bites you but does no damage.
Your leather armour prevents you from hitting the adder.
The adder bites you but does no damage.
You closely miss the adder. The adder bites you but does no damage.
You hit the adder. The adder barely misses you. The adder bites you.
You are poisoned.
The adder poisons you!
You barely miss the adder.
You feel sick. The adder bites you but does no damage.
You closely miss the adder. The adder completely misses you.
You barely miss the adder.
You feel sick. The adder bites you.
* * * LOW HITPOINT WARNING * * *
The adder bites you.
* * * LOW HITPOINT WARNING * * *
Aim: a jackal The mass of ice explodes!
The iceblast engulfs the adder!!
You kill the adder!
The iceblast engulfs the jackal!
You kill the jackal!
The iceblast engulfs you!!
Ouch! That really hurt!
You die... ## #. #. #. #. #.###### #...†@<# ########

There were no monsters in sight!

Vanquished Creatures
  An adder (D:3)
  2 oozes (D:1)
  2 dart slugs (D:1)
  A leopard gecko (D:2)
  8 bats
  5 goblins
  A hobgoblin (D:3)
  8 jackals
  4 kobolds (D:1)
  3 frilled lizards
  10 rats
45 creatures vanquished.

Notes
Turn   | Place    | Note
-------+----------+-------------------------------------------
     0 | D:1      | vurker the Human Artificer began the quest for the Orb.
     0 | D:1      | Reached XP level 1. HP: 15/15 MP: 3/3
   200 | D:1      | Reached XP level 2. HP: 7/21 MP: 4/4
   205 | D:1      | Reached XP level 3. HP: 9/26 MP: 5/5
   656 | D:1      | Reached skill level 1 in Armour
  1484 | D:2      | Reached XP level 4. HP: 27/33 MP: 6/6
  1640 | D:2      | You fall into a shaft and drop 1 floor!
  1664 | D:3      | Killed themself with a badly aimed iceblast

Illustrated notes

Levels and vault maps discovered:
D:1:      dpeg_arrival_rooms_c, layout_loops_ring, minmay_rat_gold_closets
D:2:      layout_rooms, gammafunk_temple_overflow_statue,
          uniq_crazy_yiuf_cottage
D:3:      layout_basic, first_ration, chequers_serial_rivers_micro_b,
          saegor_snake_ambush

Skill      XL: |  1  2  3  4 |
---------------+-------------+-----
Armour         | 1 |  1.3
Dodging        | 3 |  3.1
Fighting       | |  1.9
Short Blades   | |  1.0
Stealth        | |  1.0
Evocations     | |  3.4

Action                   |  1- 3 |  4- 6 || total
-------------------------+-------+-------++-------
Melee: Short sword       |   116 |    24 ||   140
Evoke: Wand              |     5 |     5 ||    10
 Stab: Sleeping          |     2 |       ||     2
  Eat: Chunk             |     1 |     1 ||     2
Armor: Leather armour    |    50 |    10 ||    60
Dodge: Dodged            |   134 |    24 ||   158

Table legend:
 A = Non-vault XP
 B = Vault XP
 C = Vault XP percentage of total XP
 D = Non-vault monster count
 E = Vault monster count
 F = Vault count percentage of total count
                 A         B        C        D         E       F
            +---------+---------+-------+---------+---------+-------
      Total |      90 |       8 |   8.2 |      37 |       8 |  17.8
            +---------+---------+-------+---------+---------+-------
        D:1 |      54 |       8 |  12.9 |      24 |       8 |  25.0
        D:2 |      16 |       0 |   0.0 |       9 |       0 |   0.0
        D:3 |      20 |       0 |   0.0 |       4 |       0 |   0.0
            +---------+---------+-------+---------+---------+-------
